 Dungeon Crawl Stone Soup version 0.29-a0-194-g6e3aafee17 (webtiles) character file.

Game seed: 8065639890855530910

203 dolemite99 the Quickloader (level 6, -2/35 HPs)
             Began as a Kobold Hunter on Feb 22, 2022.
             Was an Initiate of Okawaru.
             Slain by Grinder (3 damage)
             ... while paralysed by Grinder
             ... on level 3 of the Dungeon.
             The game lasted 00:03:27 (3308 turns).

dolemite99 the Quickloader (Kobold Hunter)          Turns: 3308, Time: 00:03:28

Health: -2/35      AC:  8    Str: 11    XL:     6   Next: 8%
Magic:  6/6        EV:  3    Int: 13    God:    Okawaru [......]
Gold:   221        SH:  0    Dex: 15    Spells: 5/5 levels left

rFire   . . .      SeeInvis .   a - +1 hand crossbow
rCold   . . .      Faith    .   (no shield)
rNeg    . . .      Spirit   .   g - +0 scale mail
rPois   .          Reflect  .   m - +0 helmet
rElec   .          Harm     .   l - +0 cloak
rCorr   .          Rampage  .   (no gloves)
Will    .....                   (no boots)
Stlth   +.........              (no amulet)
HPRegen 0.11/turn               (no ring)
MPRegen 0.10/turn               (no ring)

@: paralysed
A: small, no large weapons, nightstalker 3
a: Renounce Religion


You were on level 3 of the Dungeon.
You worshipped Okawaru.
Okawaru was noncommittal.
You visited 1 branch of the dungeon, and saw 3 of its levels.

You collected 221 gold pieces.

Inventory:

Hand Weapons
 a - a +1 hand crossbow (weapon)
 b - a +1 short sword of venom
 k - a +1 vampiric spear
Armour
 c - an orb of energy
 g - a +0 scale mail (worn)
 l - a +0 cloak (worn)
 m - a +0 helmet (worn)
Potions
 d - a potion of attraction
 e - 2 potions of lignification
 f - a potion of mutation {unknown}
 h - a potion of curing {unknown}
 j - 4 potions of degeneration


   Skills:
 - Level 2.1 Fighting
 + Level 9.0 Crossbows
 - Level 2.4 Dodging
 - Level 1.3 Stealth


You had 5 spell levels left.
You didn't know any spells.
Your spell library contained the following spells:

 Spells                   Type           Power      Damage    Failure   Level
 Shock                    Conj/Air       0%         1d3       89%         1
 Swiftness                Air            0%         N/A       99%         3
 Airstrike                Air            0%         N/A       100%        4
 Conjure Ball Lightning   Conj/Air       0%         3x3d6     100%        6
 Discord                  Hex            0%         N/A       100%        8
 Disjunction              Tloc           0%         N/A       100%        8


Dungeon Overview and Level Annotations

Branches:
Dungeon (3/15)

Altars:
Okawaru

Annotations:
D:3 Grinder


Innate Abilities, Weirdness & Mutations

You are small and have problems with some larger weapons.
You are completely attuned to the shadows.


Message History

Grinder hits you!
You writhe in agony.
You shoot a bolt. The bolt closely misses Grinder.
Grinder hits you. Grinder gestures at you.
You suddenly lose the ability to move!
Grinder gestures at you.
You shrug off the repeated paralysis!
Grinder barely misses you. The rat bites you. Grinder hits you.
You writhe in agony.
The rat bites you but does no damage. Grinder gestures at you.
Pain shoots through your body! The rat bites you but does no damage.
You can move again.
Shoot: a) +1 hand crossbow
Press: ? - help, Shift-Dir - straight line, f/p - Grinder
Aim: Grinder You shoot a bolt.
The bolt closely misses Grinder.
Grinder hits you but does no damage. The rat bites you but does no damage.
Shoot: a) +1 hand crossbow
Press: ? - help, Shift-Dir - straight line, f/p - Grinder
Aim: Grinder You shoot a bolt.
The bolt hits Grinder.
Grinder is lightly wounded.
Grinder hits you.
* * * LOW HITPOINT WARNING * * *
You writhe in agony.
* * * LOW HITPOINT WARNING * * *
The rat bites you.
* * * LOW HITPOINT WARNING * * *
You aren't carrying any scrolls.
Unknown command.
Shoot: a) +1 hand crossbow
Press: ? - help, Shift-Dir - straight line, f/p - Grinder
Aim: Grinder (lightly wounded)
You shoot a bolt. The bolt hits Grinder!
Grinder is moderately wounded.
Grinder closely misses you. The rat completely misses you.
Grinder gestures at you.
You suddenly lose the ability to move!
The rat bites you but does no damage. Grinder hits you but does no damage.
The rat bites you but does no damage. Grinder hits you.
You die...

.. #... ##.#.#
..... ..#.#
##...###.#.#
........r#5#.#
.##.......@....
#..............
#.....#####.###
#.#...## .#
#######.#......
.#
...............
...............
###########.###
.#


You could see Grinder and a rat.

Vanquished Creatures
  Crazy Yiuf (D:2)
  Jessica (D:3)
  Natasha (twice) (D:2)
  Robin (D:2)
  4 adders (D:2)
  3 worms (D:2)
  3 bats
  3 endoplasms (D:2)
  2 giant cockroaches
  6 goblins
  6 hobgoblins
  2 quokkas (D:1)
  5 ball pythons
  7 kobolds
  A rat (D:2)
47 creatures vanquished.

Vanquished Creatures (others)
  6 withered plants (D:2)
6 creatures vanquished.

Grand Total: 53 creatures vanquished

Notes
Turn   | Place    | Note
-------+----------+-------------------------------------------
     0 | D:1      | dolemite99 the Kobold Hunter began the quest for the Orb.
     0 | D:1      | Reached XP level 1. HP: 12/12 MP: 1/1
   162 | D:1      | Reached XP level 2. HP: 17/17 MP: 2/2
   445 | D:1      | Reached skill level 6 in Crossbows
   889 | D:2      | Found an iron altar of Okawaru.
   931 | D:2      | Became a worshipper of Warmaster Okawaru
   971 | D:2      | Reached XP level 3. HP: 7/21 MP: 3/3
  1339 | D:2      | Reached skill level 7 in Crossbows
  1439 | D:2      | Noticed Natasha
  1443 | D:2      | Killed Natasha
  1444 | D:2      | Reached XP level 4. HP: 12/26 MP: 4/4
  1748 | D:2      | Reached XP level 5. HP: 30/30 MP: 5/5
  1749 | D:2      | Noticed Robin
  1756 | D:2      | Killed Robin
  1757 | D:2      | Reached skill level 8 in Crossbows
  2427 | D:2      | Noticed Natasha
  2430 | D:2      | Killed Natasha
  2546 | D:2      | Found a runed translucent door.
  2549 | D:2      | Noticed Crazy Yiuf
  2561 | D:2      | Killed Crazy Yiuf
  2868 | D:2      | Found a faded altar of an unknown god.
  3129 | D:3      | Noticed Jessica
  3136 | D:3      | Killed Jessica
  3137 | D:3      | Reached skill level 9 in Crossbows
  3137 | D:3      | Reached XP level 6. HP: 25/35 MP: 6/6
  3297 | D:3      | Noticed Grinder
  3299 | D:3      | Paralysed by Grinder for 5 turns
  3305 | D:3      | HP: 1/35 [rat (2)]
  3306 | D:3      | Paralysed by Grinder for 7 turns
  3308 | D:3      | Slain by Grinder

Illustrated notes

Levels and vault maps discovered:
D:1:      eino_arrival_druids_welcome, layout_basic
D:2:      layout_loops_cross, shapermc_ecumenical_altar_flowoftime, basic_altar,
          uniq_crazy_yiuf_cottage, uniq_natasha, uniq_robin
D:3:      layout_basic, lemuel_doored_altar, serial_glass, glass_columns_a,
          glass_columns_c, uniq_terence, uniq_grinder, uniq_jessica

Skill      XL: |  1  2  3  4  5 |
---------------+----------------+-----
Crossbows      | 6 7 9 |  9.0
Fighting       | |  2.1
Dodging        | |  2.4
Stealth        | |  1.3

Action                   |  1- 3 |  4- 6 || total
-------------------------+-------+-------++-------
 Fire: Hand crossbow     |    51 |    73 ||   124
  Use: Scroll            |       |     6 ||     6
Armor: Scale mail        |     7 |    23 ||    30
Dodge: Dodged            |    12 |    37 ||    49

Table legend: (Time is in decaauts)
 A = Elapsed time spent in this place.
 B = Non-inter-level travel time spent in this place.
 C = Inter-level travel time spent in this place.
 D = Time resting spent in this place.
 E = Time spent auto-exploring this place.
 F = Levels seen in this place.
 G = Mean time per level.
                   A        B        C        D        E       F      G
               +--------+--------+--------+--------+--------+-----+--------+
         Total |   3357 |   3250 |    107 |   1058 |   1823 |   3 | 1119.0 |
       Dungeon |   3357 |   3250 |    107 |   1058 |   1823 |   3 | 1119.0 |
               +--------+--------+--------+--------+--------+-----+--------+

Top non-repeatable levels by time:
     D:2: 2125 daAuts
     D:1: 829 daAuts
     D:3: 402 daAuts
